 Dungeon Crawl Stone Soup version 0.17.1-3-g152610e (webtiles) character file.

2 juanjsm the Stinger (level 1, 0/9 HPs)
             Began as a Spriggan Venom Mage on Apr 10, 2016.
             Slain by a jackal (1 damage)
             ... on level 1 of the Dungeon.
             The game lasted 00:02:21 (148 turns).

juanjsm the Stinger (Spriggan Venom Mage)            Turns: 148, Time: 00:02:22

Health: 0/9        AC:  2    Str:  4    XL:     1   Next: 25%
Magic:  2/5        EV: 18    Int: 16    God:
Gold:   22         SH:  0    Dex: 16    Spells: 1 memorised, 4 levels left

rFire  . . .     SeeInvis +     (weapon restricted)
rCold  . . .     Clarity  .     a - +0 robe
rNeg   . . .     SustAt   .     (shield restricted)
rPois  .         Gourm    .     (helmet restricted)
rElec  .         Spirit   .     (no cloak)
rCorr  .         Warding  .     (gloves unavailable)
rMut   .         Stasis   .     (boots unavailable)
MR     .....                    (no amulet)
Stlth  +++.......               (no ring)
                                (no ring)

@: very slightly contaminated, very quick, not resistant to hostile
enchantments, fairly stealthy
A: unfitting armour, see invisible, herbivore 3, speed 3, slow metabolism 2
a: no special abilities


You were on level 1 of the Dungeon.
You were not hungry.

You visited 1 branch of the dungeon, and saw 1 of its levels.

You collected 22 gold pieces.

Inventory:

Armour
 a - a +0 robe (worn)
Jewellery
 e - an uncursed ring of poison resistance {unknown}
Books
 b - a Young Poisoner's Handbook

   Spells                             Type                      Level
   a - Sting                          Conjuration/Poison           1
   b - Cure Poison                    Poison                       2
   c - Mephitic Cloud                 Conjuration/Poison/Air       3
   d - Olgreb's Toxic Radiance        Poison                       4
   e - Venom Bolt                     Conjuration/Poison           5
Comestibles
 c - a bread ration


   Skills:
 + Level 3.0 Dodging
 + Level 3.0 Stealth
 + Level 2.6 Spellcasting
 + Level 4.1 Poison Magic


You had 4 spell levels left.
You knew the following spells:

 Your Spells              Type           Power        Failure   Level  Hunger
a - Sting                 Conj/Pois      #...         10%         1    #......


Dungeon Overview and Level Annotations

Branches:
Dungeon (1/15)

Altars:


Innate Abilities, Weirdness & Mutations

You are tiny and cannot use many weapons and most armour.
You have supernaturally acute eyesight.
You are a herbivore.
You cover ground extremely quickly.
You need consume almost no food.


Message History

The bat moves out of view.
Drink which item? (? for menu, Esc to quit)
It was a potion of mutation.
You feel extremely strange.
Icy blue scales grow over part of your body.
You feel frail.
You feel genetically stable.
Drink which item? (? for menu, Esc to quit)
It was a potion of cure mutation.
It has a very clean taste.
Your icy blue scales disappear.
You feel robust.
You feel genetically unstable.
Read which item? (? for menu, Esc to quit)
Okay, then.
The jackal completely misses you.
Casting: Sting
Confirm with . or Enter, or press ? or * to list all spells.
Aiming: Sting
Press: ? - help, Shift-Dir - straight line, f - jackal
Aim: a jackal The sting hits the jackal.
The jackal is moderately wounded.
The jackal bites you.
You die...

.[ # b.# #. #.#
###.# #.# ......
#.# #######
##....##.# #..h..#
.........####..h@.#
...h......bhl.....#
...#..##.####.....#
##.# ..#.# #.....#
... #.#%# #######
##.###.#.#
#.......# #####.###
#.....#


You could see a giant gecko, 3 jackals and a bat.

Vanquished Creatures
  A goblin (D:1)
  A giant newt (D:1)
2 creatures vanquished.

Notes
Turn   | Place    | Note
--------------------------------------------------------------
     0 | D:1      | juanjsm the Spriggan Venom Mage began the quest for the Orb.
     0 | D:1      | Reached XP level 1. HP: 9/9 MP: 5/5
   143 | D:1      | Gained mutation: You are partially covered in icy blue scales (AC +1). [potion of mutation]
   143 | D:1      | Gained mutation: You are frail (-10% HP). [potion of mutation]
   143 | D:1      | Gained mutation: You are somewhat resistant to further mutation. [potion of mutation]
   144 | D:1      | Lost mutation: You are partially covered in icy blue scales (AC +1). [potion of cure mutation]
   144 | D:1      | Lost mutation: You are frail (-10% HP). [potion of cure mutation]
   144 | D:1      | Lost mutation: You are somewhat resistant to further mutation. [potion of cure mutation]
   148 | D:1      | Slain by a jackal

Action                   || total
-------------------------++-------
Melee: Unarmed           ||     5
 Cast: Sting             ||     8
  Use: Potion            ||     2
 Stab: Sleeping          ||     1
